 Dungeon Crawl Stone Soup version 0.30-a0-1094-g860fb061e7 (webtiles) character file.

Game seed: 1362515521720366504

47 lunkers the Slasher (level 4, -2/38 HPs)
             Began as a Meteoran Fighter on Apr 17, 2023.
             Was a Follower of Nemelex Xobeh.
             Slain by an orc
             ... wielding a +0 flail of protection
              (4 damage)
             ... on level 3 of the Dungeon.
             The game lasted 00:01:46 (1316 turns).

lunkers the Slasher (Meteoran Fighter)              Turns: 1316, Time: 00:01:47

Health: -2/38      AC:  6    Str: 23    XL:     4   Next: 17%
Magic:  5/5        EV:  9    Int:  9    God:    Nemelex Xobeh [*.....]
Gold:   71         SH:  5    Dex: 16    Spells: 3/3 levels left

rFire   . . .      SeeInvis .    a - +0 long sword
rCold   . . .      Faith    .    c - +0 buckler
rNeg    . . .      Spirit   .    b - +0 scale mail
rPois   .          Reflect  .    (no helmet)
rElec   .          Rampage  .    (no cloak)
rCorr   .                        (no gloves)
Will    .....                    (no boots) Stlth
                                 (no amulet)
HPRegen 0.26/turn                p - +6 ring of strength
MPRegen 0.09/turn                (no ring)

@: glowing
A: sense surroundings 1, otherworldly, glowing, explore regen
a: Renounce Religion, Draw Escape, Draw Destruction, Draw Summoning


You were on level 3 of the Dungeon.
You worshipped Nemelex Xobeh.
Nemelex Xobeh was aware of your devotion.
You visited 1 branch of the dungeon, and saw 3 of its levels.

You collected 71 gold pieces.

Inventory:

Hand Weapons
 a - a +0 long sword (weapon)
Armour
 b - a +0 scale mail (worn)
 c - a +0 buckler (worn)
 e - a +0 plate armour
Jewellery
 p - a +6 ring of strength (left hand)
Wands
 n - a wand of flame (13)
Scrolls
 f - 2 scrolls of fog {unknown}
 i - a scroll of identify {unknown}
 m - a scroll of poison {unknown}
 r - a scroll of noise {unknown}
Potions
 d - a potion of might
 g - 2 potions of heal wounds {unknown}
 h - a potion of lignification {unknown}
 j - a potion of ambrosia {unknown}
 k - a potion of mutation {unknown}
 l - a potion of degeneration {unknown}
 o - a potion of flight {unknown}
 q - a potion of cancellation {unknown}
 s - a potion of curing {unknown}


   Skills:
 - Level 3.2 Fighting
 + Level 4.8 Long Blades
 - Level 3.6 Armour
 - Level 3.6 Shields


You had 3 spell levels left.
You didn't know any spells.
Your spell library was empty.

Dungeon Overview and Level Annotations

Branches:
Dungeon (3/15) Zot: 455

Altars:
Nemelex Xobeh

Shops:
D:1 [![   D:3 *


Innate Abilities, Weirdness & Mutations

You passively map a small area around you.
You are easily found by Zot.
You glow in the dark.
You regain HP and MP as you explore.


Message History

You kill the ball python!
No target in view!
An orc priest and 2 orcs come into view.
The orc shouts!
The orc priest shouts!
The orc shouts!
An orc comes into view. It is wielding a +0 short sword.
The orc shouts!
The orc priest looks satisfied for a moment.
You slash the orc priest!
The orc priest is heavily wounded.
You barely miss the orc. The orc closely misses you.
You slash the orc!
You kill the orc!
You closely miss the orc.
An orc comes into view.
It is wielding a +0 flail of protection.
The orc hits you with a +0 flail.
You hit the orc.
The orc is almost dead.
The orc hits you with a +0 flail. x2
You barely miss the orc.
The orc is almost dead.
You barely miss the orc.
The orc is almost dead.
You block the orc's attack. x2
You closely miss the orc. The orc hits you but does no damage.
The orc priest calls down the wrath of Beogh upon you.
Beogh smites you!
* * * LOW HITPOINT WARNING * * *
The orc hits you with a +0 flail.
* * * LOW HITPOINT WARNING * * *
You hit the orc but do no damage.
The orc is almost dead.
You block the orc's attack. The orc closely misses you.
The orc priest invokes the aid of Beogh against you.
Beogh smites you!
* * * LOW HITPOINT WARNING * * *
Okay, then.
You barely miss the orc.
The orc hits you with a +0 flail of protection.
You die...
Your body glows slightly brighter and disappears.

#.#...####.........####.#.
#.##.## ##.......####.###
#.#### ##.....####.## #
*#..** * ##...## #.## ...,
, ##'## ##.## # ,*##. *,
#.# ##.### .# #
#.########.#. , #.###.####
##......# ##.#
#....ooo@###...###.# #.#
#####.##o##.....# ,* #.#
*# *#.###...###. #.# ,
#............ ..# *
######.####.# *### #.# #.#
#..,,, ##


You could see an orc priest and 3 orcs.

Vanquished Creatures
  A worm (D:2)
  A dart slug (D:2)
  2 orcs (D:3)
  3 endoplasms (D:2)
  3 goblins
  4 hobgoblins
  4 jackals (D:1)
  3 kobolds
  2 quokkas
  3 ball pythons
  5 bats
  2 frilled lizards (D:3)
  A rat (D:1)
34 creatures vanquished.

Notes
Turn   | Place    | Note
-------+----------+-------------------------------------------
     0 | D:1      | lunkers the Meteoran Fighter began the quest for the Orb.
     0 | D:1      | Reached XP level 1. HP: 19/19 MP: 2/2
    43 | D:1      | Reached skill level 3 in Long Blades
    43 | D:1      | Reached XP level 2. HP: 26/26 MP: 3/3
    61 | D:1      | Found Ithren's Antique Armour Shoppe.
   216 | D:1      | Found Yvvykkaff's Antique Armour Shop.
   318 | D:1      | Found Fitaos's Distillery.
   608 | D:2      | Reached XP level 3. HP: 31/31 MP: 4/4
   625 | D:2      | Reached skill level 4 in Long Blades
   969 | D:2      | Found a faded altar of an unknown god.
   978 | D:2      | Prayed at the altar of an unknown god.
   978 | D:2      | Became a worshipper of Nemelex Xobeh the Trickster
   978 | D:2      | Reached * piety under Nemelex Xobeh
  1123 | D:3      | Found Zaudd's Assorted Antiques.
  1178 | D:3      | Reached XP level 4. HP: 35/38 MP: 5/5
  1206 | D:3      | Received a gift from Nemelex Xobeh
  1316 | D:3      | Slain by an orc

Illustrated notes

Levels and vault maps discovered:
D:1:      dpeg_arrival_rhombus, layout_basic, serial_shops,
          nicolae_shop_crystal, nicolae_shop_rolling_square,
          nicolae_shop_tiny_statue_garden, nicolae_shop_statue_plus, shop
D:2:      layout_basic, basic_ecumenical_altar, minivault_4,
          nrook_mini_backslash, minmay_tromino_v4_b
D:3:      layout_loops_corners, serial_shops, shop

Skill      XL: |  1  2  3 |
---------------+----------+-----
Long Blades    | 3 4 |  4.8
Fighting       | |  3.2
Armour         | |  3.6
Shields        | |  3.6

Action                     |  1- 3 |  4- 6 || total
---------------------------+-------+-------++-------
  Melee: Long sword        |    95 |    20 ||   115
 Armour: Scale mail        |    44 |     6 ||    50
  Dodge: Dodged            |    43 |     5 ||    48
  Block: Buckler           |    16 |     4 ||    20

Table legend: (Time is in decaauts)
 A = Elapsed time spent in this place.
 B = Non-inter-level travel time spent in this place.
 C = Inter-level travel time spent in this place.
 D = Time resting spent in this place.
 E = Time spent auto-exploring this place.
 F = Levels seen in this place.
 G = Mean time per level.
                   A        B        C        D        E       F      G
               +--------+--------+--------+--------+--------+-----+--------+
         Total |   1343 |   1281 |     62 |      0 |    985 |   3 |  447.7 |
       Dungeon |   1343 |   1281 |     62 |      0 |    985 |   3 |  447.7 |
               +--------+--------+--------+--------+--------+-----+--------+

Top non-repeatable levels by time:
     D:2: 727 daAuts
     D:1: 365 daAuts
     D:3: 251 daAuts
